 Dungeon Crawl Stone Soup version 0.28-a0-1555-g9ae15a6949 (webtiles) character file.

Game seed: 13898810032246196641

109 issech the Skirmisher (level 4, -2/45 HPs)
             Began as a Troll Fighter on Jan 18, 2022.
             Slain by a sky beast (6 damage)
             ... on level 3 of the Dungeon.
             The game lasted 00:06:28 (1590 turns).

issech the Skirmisher (Troll Fighter)               Turns: 1590, Time: 00:06:28

Health: -2/45      AC:  4    Str: 26    XL:     4   Next: 60%
Magic:  3/3        EV:  8    Int:  4    God:
Gold:   73         SH: 12    Dex:  9    Spells: 3/3 levels left

rFire   . . .      SeeInvis .   a - +0 flail
rCold   . . .      Faith    .   c - +0 kite shield
rNeg    . . .      Spirit   .   b - +0 robe
rPois   .          Reflect  +   (helmet restricted)
rElec   .          Harm     .   (no cloak)
rCorr   .          Rampage  .   (gloves unavailable)
Will    .....                   (boots unavailable)
Stlth   +.........              e - amulet of reflection
HPRegen 0.95/turn               (no ring)
MPRegen 0.08/turn               (no ring)

@: mighty
A: large, unfitting armour, claws 3, regeneration 1, shaggy fur 1, tough skin 1
a: no special abilities


You were on level 3 of the Dungeon.
You visited 1 branch of the dungeon, and saw 3 of its levels.

You collected 73 gold pieces.

Inventory:

Hand Weapons
 a - a +0 flail (weapon)
 g - a +0 long sword
 h - a +0 dagger
 q - a +0 club
 t - a +0 club
 w - a +0 halberd
 x - a +0 spear
 y - a +0 spear
 z - a +0 spear
 B - a +0 dagger of venom
 C - a +0 dagger
 D - a +0 dagger
Missiles
 n - 44 stones (quivered)
 o - 11 arrows
Armour
 b - a +0 robe (worn)
 c - a +0 kite shield (worn)
 i - a +0 helmet
 p - a +0 ring mail
 r - a +0 robe
 s - a +0 ring mail
Jewellery
 e - an amulet of reflection (around neck)
 A - an amulet of reflection
Scrolls
 k - a scroll of holy word {unknown}
 l - 4 scrolls of summoning {unknown}
 m - a scroll of enchant armour {unknown}
 u - a scroll of amnesia {unknown}
Potions
 d - a potion of might
 f - 2 potions of cancellation {unknown}
 j - a potion of mutation {unknown}
 v - a potion of curing {unknown}


   Skills:
 + Level 3.1 Fighting
 + Level 2.8 Maces & Flails
 + Level 2.9 Dodging
 + Level 3.0 Shields


You had 3 spell levels left.
You didn't know any spells.
Your spell library contained the following spells:

 Spells                   Type           Power      Damage    Failure   Level
 Animate Skeleton         Necr           0%         N/A       80%         1
 Apportation              Tloc           0%         N/A       80%         1
 Magic Dart               Conj           0%         1d3       80%         1
 Summon Small Mammal      Summ           0%         N/A       80%         1
 Blink                    Tloc           0%         N/A       90%         2
 Call Imp                 Summ           0%         N/A       90%         2
 Lesser Beckoning         Tloc           0%         N/A       99%         3
 Mephitic Cloud           Conj/Pois/Air  0%         N/A       99%         3
 Manifold Assault         Tloc           0%         N/A       100%        5


Dungeon Overview and Level Annotations

Branches:
Dungeon (3/15)

Altars:
Uskayaw

Shops:
D:1 [


Innate Abilities, Weirdness & Mutations

You are too large for most types of armour.
You have claws for hands.
Your natural rate of healing is unusually fast.
You are covered in fur. (AC +1)
You have tough skin. (AC +1)


Message History

You completely miss the sky beast. You block the sky beast's attack.
You miss the sky beast. You block the sky beast's attack.
You barely miss the sky beast. You block the sky beast's attack.
The sky beast hits you. The sky beast shocks you.
You hit the sky beast.
The sky beast is lightly wounded.
The sky beast flickers out of sight!
Deactivating autopickup; reactivate with Ctrl-A.
Something hits you. Something shocks you.
You miss something. Something hits you but does no damage.
You miss something.
Something hits you but does no damage. x2
You completely miss something. Something hits you but does no damage.
An endoplasm comes into view.
You miss something.
The endoplasm quivers.
You block something's attack. Something completely misses you.
You miss something. Something hits you but does no damage.
You closely miss something. Something hits you but does no damage.
You miss something. You block something's attack.
Something hits you but does no damage.
You closely miss something.
You hear the slow rusting of a distant drain.
Something hits you. Something shocks you.
You hit something. Something hits you. Something shocks you.
The endoplasm freezes you.
You are frozen.
Something hits you. Something shocks you.
You sock the endoplasm!
You kill the endoplasm!
Something hits you. Something shocks you.
* * * LOW HITPOINT WARNING * * *
You closely miss something. Something hits you but does no damage.
You block something's attack.
You miss something. Something hits you.
* * * LOW HITPOINT WARNING * * *
Something shocks you.
* * * LOW HITPOINT WARNING * * *
You completely miss something. Something hits you.
* * * LOW HITPOINT WARNING * * *
Something shocks you.
You die...

.....####......#
#............#
#.#........#
##.#.##.....#
#....##.....#
######.....#####.#
#.......##..####.######
#.####....#...........#
#@##.###.........# #{#
.###.........#
#PP............†...<#
#≈.≈≈P...##.##########
...P≈P≈P≈..##.
.P≈≈≈♣≈≈≈PP##
..≈♣♣♣♣♣≈≈P# .P≈ ♣≈P.
.. ≈P..


There were no monsters in sight!

Vanquished Creatures
  Jessica (D:2)
  4 gnolls (D:2)
  A worm (D:2)
  A dart slug (D:2)
  2 bats (D:2)
  7 endoplasms
  A giant cockroach (D:2)
  5 goblins
  2 hobgoblins
  2 jackals (D:2)
  2 quokkas
  5 ball pythons
  2 frilled lizards (D:2)
  4 rats (D:1)
39 creatures vanquished.

Notes
Turn   | Place    | Note
-------+----------+-------------------------------------------
     0 | D:1      | issech the Troll Fighter began the quest for the Orb.
     0 | D:1      | Reached XP level 1. HP: 22/22 MP: 0/0
   274 | D:1      | Found a faded altar of an unknown god.
   346 | D:1      | Reached XP level 2. HP: 29/29 MP: 1/1
   702 | D:1      | Found Demisar's Armour Shop.
   760 | D:2      | Found a hide-covered altar of Uskayaw.
   846 | D:2      | Noticed Jessica
   871 | D:2      | Killed Jessica
   872 | D:2      | Reached XP level 3. HP: 9/36 MP: 2/2
  1116 | D:2      | Reached XP level 4. HP: 35/44 MP: 3/3
  1568 | D:3      | Noticed a sky beast
  1590 | D:3      | Slain by a sky beast

Illustrated notes

Levels and vault maps discovered:
D:1:      dpeg_arrival_erosion, layout_basic, serial_shops, shop,
          shapermc_ecumenical_altar_acropolis
D:2:      layout_loops_ring, basic_altar, minmay_tetromino_l2, uniq_jessica
D:3:      layout_rooms, grunt_temple_overflow_open, serial_shops, shop,
          shop_fountains, portal_sewer_entry_e, serial_bayou_pond_c,
          minmay_shallow_snake_nest

Skill      XL: |  1  2  3  4 |
---------------+-------------+-----
Maces & Flails | 2 |  2.8
Fighting       | 3 |  3.1
Shields        | 3 |  3.0
Dodging        | |  2.9

Action                   |  1- 3 |  4- 6 || total
-------------------------+-------+-------++-------
Melee: Flail             |    96 |    37 ||   133
  Use: Potion            |       |     1 ||     1
Armor: Robe              |    41 |    10 ||    51
Dodge: Dodged            |    24 |     8 ||    32
Block: Kite shield       |    80 |    13 ||    93

Table legend: (Time is in decaauts)
 A = Elapsed time spent in this place.
 B = Non-inter-level travel time spent in this place.
 C = Inter-level travel time spent in this place.
 D = Time resting spent in this place.
 E = Time spent auto-exploring this place.
 F = Levels seen in this place.
 G = Mean time per level.
                   A        B        C        D        E       F      G
               +--------+--------+--------+--------+--------+-----+--------+
         Total |   1646 |   1646 |      0 |     27 |    912 |   3 |  548.7 |
       Dungeon |   1646 |   1646 |      0 |     27 |    912 |   3 |  548.7 |
               +--------+--------+--------+--------+--------+-----+--------+

Top non-repeatable levels by time:
     D:2: 814 daAuts
     D:1: 774 daAuts
     D:3: 57 daAuts
